[Event "47th GRE-chT 2019"]
[Site "Patra"]
[Date "2019.07.06"]
[Round "7.11"]
[White "Banikas, Hristos"]
[Black "Tilicheev, Viacheslav"]
[Result "1-0"]
[ECO "A05"]
[WhiteElo "2601"]
[BlackElo "2525"]
[Annotator "RC"]
[PlyCount "109"]
[EventDate "2019.07.02"]
[EventCountry "GRE"]
[SourceTitle "playchess.com"]
[Source "ChessBase"]
[SourceQuality "1"]
[TimeControl "5400+30"]

1. Nf3 Nf6 2. c4 e6 3. b3 d5 4. Bb2 Be7 5. e3 b6 6. cxd5 exd5 7. Bb5+ c6 8. Be2 O-O 9. O-O Bb7 10. Nc3 Nbd7 11. Qc2 Rc8 12. Rac1 Bd6 13. Rfe1 Qe7 14. Bf1 Ba3 15. Bxa3 Qxa3 16. g3 Qd6 17. Qb1 c5 18. d4 Ne4 19. Bg2 cxd4 20. Nxe4 dxe4 21. Nxd4 Qe5 22. b4 Nf6 23. a3 Qh5 24. Rxc8 Rxc8 25. Rc1 Qg4 26. Nb5 a6 27. Rxc8+ Qxc8 28. Nd6 Qc6 29. Qd1 h6 30. Bf1 b5 31. Qd4 Bc8 32. Nxc8 Qxc8 33. Qd6 Qe6 34. Qxe6 fxe6 35. Be2 Kf7 36. Kf1 Nd5 37. Ke1 Nc3 38. Bf1 Nb1 39. Bg2 Nxa3 40. Kd2 a5 41. bxa5 Nc4+ 42. Kc3 Nxa5 43. Bxe4 Nc4 44. Bd3 Ne5 45. Be2 Kf6 46. Kb4 Nf7 47. Kxb5 Nd6+ 48. Kb4 Ne4 49. f3 Ng5 50. Kc5 g6 51. f4 Nf7 52. e4 Ke7 53. e5 Nd8 54. Kb6 g5 55. Kc7 1-0

[Event "47th GRE-chT 2019"]
[Site "Patra"]
[Date "2019.07.06"]
[Round "7.12"]
[White "Pancevski, Filip"]
[Black "Pavlidis, Antonios"]
[Result "0-1"]
[ECO "A24"]
[WhiteElo "2514"]
[BlackElo "2549"]
[Annotator "ChessBase"]
[PlyCount "106"]
[EventDate "2019.07.02"]
[EventCountry "GRE"]
[SourceTitle "playchess.com"]
[Source "ChessBase"]
[SourceQuality "1"]
[TimeControl "5400+30"]

1. c4 Nf6 2. g3 g6 3. Bg2 Bg7 4. Nc3 O-O 5. Nf3 d6 6. O-O e5 7. d3 h6 8. Rb1 a5 9. a3 Re8 10. Nd2 Nh7 11. Qc2 Nc6 12. e3 h5 13. Nd5 h4 14. b4 axb4 15. axb4 Ng5 16. f4 exf4 17. Rxf4 hxg3 18. hxg3 Ne5 19. b5 c6 20. bxc6 bxc6 21. Nb6 Rb8 22. Nxc8 Rxb1 23. Qxb1 Qxc8 24. d4 Nh3+ 25. Bxh3 Qxh3 26. dxe5 Qxg3+ 27. Kf1 Qh3+ 28. Ke2 dxe5 29. Rf2 e4 30. Qb7 Qe6 31. Bb2 Re7 32. Qb8+ Re8 33. Qb7 Re7 34. Qb6 Bxb2 35. Qxb2 Qd6 36. Qc3 c5 37. Rf6 Qh2+ 38. Rf2 Qd6 39. Rf6 Qh2+ 40. Ke1 Rd7 41. Nf1 Qh4+ 42. Rf2 f5 43. Qe5 Rd1+ 44. Kxd1 Qxf2 45. Qf4 Qa2 46. Qb8+ Kg7 47. Qc7+ Kh6 48. Qxc5 Qf2 49. Nd2 g5 50. Qe5 g4 51. Qf4+ Qxf4 52. exf4 g3 53. Ke2 g2 0-1

[Event "47th GRE-chT 2019"]
[Site "Patra"]
[Date "2019.07.06"]
[Round "7.12"]
[White "Gouloutis, Nikolaos"]
[Black "Shoker, Samy"]
[Result "0-1"]
[ECO "A43"]
[WhiteElo "2367"]
[BlackElo "2496"]
[Annotator "ChessBase"]
[PlyCount "64"]
[EventDate "2019.07.02"]
[EventCountry "GRE"]
[SourceTitle "playchess.com"]
[Source "ChessBase"]
[SourceQuality "1"]
[TimeControl "5400+30"]

1. d4 c5 2. c3 Nf6 3. Nf3 g6 4. Bg5 Bg7 5. e3 O-O 6. Nbd2 cxd4 7. exd4 d6 8. Bc4 Qb6 9. Bb3 Nc6 10. Nc4 Qc7 11. Bxf6 Bxf6 12. O-O b5 13. Ne3 Bg7 14. Qe2 Bd7 15. Rfe1 Qd8 16. h4 b4 17. h5 bxc3 18. bxc3 Na5 19. hxg6 hxg6 20. Bd5 Rc8 21. Rac1 e6 22. Be4 f5 23. Bb1 Bh6 24. c4 Qf6 25. c5 dxc5 26. dxc5 Nb7 27. Qa6 Bc6 28. Qxa7 Bf4 29. Bd3 Rf7 30. Qa3 Qh8 31. Bc4 Bxf3 32. Bxe6 Qh2+ 0-1

[Event "47th GRE-chT 2019"]
[Site "Patra"]
[Date "2019.07.06"]
[Round "7.13"]
[White "Sandalakis, Angelos"]
[Black "Ioannidis, Evgenios"]
[Result "1-0"]
[ECO "B68"]
[WhiteElo "2429"]
[BlackElo "2378"]
[Annotator "NA"]
[PlyCount "55"]
[EventDate "2019.07.02"]
[EventCountry "GRE"]
[SourceTitle "playchess.com"]
[Source "ChessBase"]
[SourceQuality "1"]
[TimeControl "5400+30"]

1. e4 c5 2. Nf3 d6 3. d4 cxd4 4. Nxd4 Nf6 5. Nc3 Nc6 6. Bg5 e6 7. Qd2 a6 8. O-O-O Bd7 9. f4 Be7 10. Nf3 b5 11. e5 b4 12. exf6 bxc3 13. Qxc3 gxf6 14. Bh4 d5 15. Kb1 Rc8 16. Nd4 Na5 17. Qg3 Nc4 18. Bxc4 Rxc4 19. Qg7 Rf8 20. b3 Rc8 21. Qxh7 Qc7 22. Rhf1 Ba3 23. Qd3 e5 24. Bxf6 exd4 25. Rde1+ Be6 26. f5 Qc3 27. Qxc3 Rxc3 28. Bxd4 1-0

[Event "47th GRE-chT 2019"]
[Site "Patra"]
[Date "2019.07.06"]
[Round "7.13"]
[White "Georgiev, Krum"]
[Black "Tetepoulidis, Ioannis"]
[Result "1-0"]
[ECO "B01"]
[WhiteElo "2323"]
[BlackElo "2117"]
[Annotator "NA"]
[PlyCount "51"]
[EventDate "2019.07.02"]
[EventCountry "GRE"]
[SourceTitle "playchess.com"]
[Source "ChessBase"]
[SourceQuality "1"]
[TimeControl "5400+30"]

1. e4 d5 2. exd5 Nf6 3. d4 Bg4 4. Bb5+ Nbd7 5. f3 $14 Bf5 6. Nc3 a6 7. Ba4 b5 8. Bb3 Nb6 9. Nge2 Nfxd5 10. Nxd5 Nxd5 11. Ng3 Bg6 12. f4 e6 13. f5 Bxf5 14. Nxf5 exf5 15. O-O Be7 16. Rxf5 Nf6 17. c3 O-O 18. Bg5 Ne8 19. Qf3 Nd6 20. Bxe7 Qxe7 21. Re5 Qd7 22. Bd5 Rab8 23. Rae1 Rfe8 24. R1e2 Rb6 25. Rxe8+ Nxe8 26. Qxf7+ 1-0

[Event "47th GRE-chT 2019"]
[Site "Patra"]
[Date "2019.07.06"]
[Round "7.14"]
[White "Papadopoulos, Panayotis"]
[Black "Kanakaris, Georgios"]
[Result "1/2-1/2"]
[ECO "A49"]
[WhiteElo "2165"]
[BlackElo "2409"]
[Annotator "NA"]
[PlyCount "95"]
[EventDate "2019.07.02"]
[EventCountry "GRE"]
[SourceTitle "playchess.com"]
[Source "ChessBase"]
[SourceQuality "1"]
[TimeControl "5400+30"]

1. Nf3 Nf6 2. b3 d6 3. d4 g6 4. Bb2 Bg7 5. g3 O-O 6. Bg2 Nc6 7. O-O Bf5 8. Na3 Be4 9. c4 Nb4 10. Qd2 c5 11. Rfd1 a6 12. Bc3 Qa5 13. Nc2 Bxc2 14. Bxb4 Qxb4 15. Qxc2 Rac8 16. Rac1 Rc7 17. dxc5 Qxc5 18. Ne1 Qa3 19. Qb1 Nd7 20. Nc2 Qc5 21. Ne3 Nf6 22. Nd5 Rd7 23. b4 Qa7 24. c5 Nxd5 25. Rxd5 Rfd8 26. Rcd1 Bf8 27. R5d3 e6 28. Qb3 Qb8 29. Qa4 Qc8 30. h4 h5 31. a3 Be7 32. e3 Bf8 33. R3d2 Be7 34. Rd3 Bf8 35. R3d2 Be7 36. Kh2 Bf8 37. Rd3 Be7 38. R1d2 Bf8 39. Bf3 Be7 40. Kg2 Bf8 41. Kf1 Rc7 42. Kg2 Qb8 43. Qd1 Rcd7 44. Kh2 Rc7 45. Bh1 Rcd7 46. Kg1 Qc7 47. Kh2 Qb8 48. f4 1/2-1/2

[Event "47th GRE-chT 2019"]
[Site "Patra"]
[Date "2019.07.06"]
[Round "7.14"]
[White "Exizoglou, Dimitrios"]
[Black "Alexiadis, Hristos"]
[Result "1/2-1/2"]
[ECO "B92"]
[WhiteElo "2072"]
[BlackElo "2344"]
[Annotator "NA"]
[PlyCount "95"]
[EventDate "2019.07.02"]
[EventCountry "GRE"]
[SourceTitle "playchess.com"]
[Source "ChessBase"]
[SourceQuality "1"]
[TimeControl "5400+30"]

1. e4 c5 2. Nf3 d6 3. d4 cxd4 4. Nxd4 Nf6 5. Nc3 a6 6. Be2 e5 7. Nf3 h6 8. a4 Be7 9. Nd2 O-O 10. Nc4 Nc6 11. Ne3 Nb4 12. Bf3 Be6 13. O-O Rc8 14. a5 Rxc3 15. bxc3 Nc6 16. Ba3 Nxa5 17. Qd3 Qc7 18. Rfd1 Rd8 19. Be2 Nc6 20. c4 Nd4 21. Bf1 Nd7 22. Rab1 Nc5 23. Bxc5 dxc5 24. Nd5 Bxd5 25. cxd5 b5 26. Qa3 Qb7 27. Qa2 c4 28. Bxc4 Qc8 29. Bd3 Rd6 30. Rb4 Rg6 31. Rxd4 Rxg2+ 32. Kxg2 Qg4+ 33. Kf1 Qxd1+ 34. Kg2 Qg4+ 35. Kf1 exd4 36. Qxa6 Qh3+ 37. Ke2 Qg4+ 38. Kf1 g6 39. Qxb5 Qh3+ 40. Ke2 Kg7 41. Qb8 Qg4+ 42. Kf1 Bh4 43. Qe5+ f6 44. Qxd4 Qd1+ 45. Kg2 Qg4+ 46. Kf1 Qd1+ 47. Kg2 Qg4+ 48. Kf1 1/2-1/2

[Event "47th GRE-chT 2019"]
[Site "Patra"]
[Date "2019.07.06"]
[Round "7.15"]
[White "Paehtz, Elisabeth"]
[Black "Grapsa, Georgia"]
[Result "1/2-1/2"]
[ECO "E00"]
[WhiteElo "2473"]
[BlackElo "2038"]
[Annotator "ChessBase"]
[PlyCount "59"]
[EventDate "2019.07.02"]
[EventCountry "GRE"]
[SourceTitle "playchess.com"]
[Source "ChessBase"]
[SourceQuality "1"]
[TimeControl "5400+30"]

1. d4 Nf6 2. c4 e6 3. g3 Bb4+ 4. Nd2 O-O 5. Bg2 c5 6. dxc5 Bxc5 7. Nh3 e5 8. O-O Nc6 9. Nb3 Bb6 10. c5 Bc7 11. Ng5 a5 12. Nd2 d5 13. cxd6 Qxd6 14. Nde4 Qe7 15. Be3 Nxe4 16. Nxe4 Rd8 17. Qe1 Nd4 18. Rc1 Bg4 19. Nc3 Qe6 20. b3 a4 21. Bxd4 exd4 22. Nxa4 Bd6 23. f3 Bf5 24. f4 b5 25. Nc5 Bxc5 26. Rxc5 Rxa2 27. Re5 Qc8 28. b4 Re8 29. Qd1 Rxe5 30. fxe5 1/2-1/2

[Event "47th GRE-chT 2019"]
[Site "Patra"]
[Date "2019.07.06"]
[Round "7.15"]
[White "Szczepkowska, Karina"]
[Black "Salimova, Nurgyul"]
[Result "1/2-1/2"]
[ECO "D37"]
[WhiteElo "2425"]
[BlackElo "2416"]
[Annotator "NA"]
[PlyCount "46"]
[EventDate "2019.07.02"]
[EventCountry "GRE"]
[SourceTitle "playchess.com"]
[Source "ChessBase"]
[SourceQuality "1"]
[TimeControl "5400+30"]

1. d4 Nf6 2. c4 e6 3. Nf3 d5 4. Nc3 a6 5. cxd5 exd5 6. Bg5 Be6 7. Bxf6 Qxf6 8. Qb3 b5 9. e3 Qd8 10. a4 b4 11. Na2 Nd7 12. a5 c5 13. Qa4 Be7 14. Be2 O-O 15. O-O Qb8 16. dxc5 Bxc5 17. Nd4 Qd6 18. Rac1 Rfc8 19. Qd1 Ne5 20. Nb3 Ba7 21. Nd4 Bc5 22. Nb3 Ba7 23. Nd4 Bc5 1/2-1/2

[Event "47th GRE-chT 2019"]
[Site "Patra"]
[Date "2019.07.06"]
[Round "7.16"]
[White "Petraki, Evaggelia"]
[Black "Tsolakidou, Stavroula"]
[Result "0-1"]
[ECO "A21"]
[WhiteElo "1785"]
[BlackElo "2423"]
[Annotator "NA"]
[PlyCount "52"]
[EventDate "2019.07.02"]
[EventCountry "GRE"]
[SourceTitle "playchess.com"]
[Source "ChessBase"]
[SourceQuality "1"]
[TimeControl "5400+30"]

1. c4 e5 2. Nc3 Bb4 3. g3 Bxc3 4. bxc3 d6 5. Bg2 f5 6. e3 Nf6 7. Ne2 Nbd7 8. O-O O-O 9. Ba3 Rb8 10. Rb1 Qe7 11. d4 c5 12. Qa4 a6 13. Qc2 g6 14. Rb2 Qf7 15. Rfb1 e4 16. Qa4 g5 17. f3 exf3 18. Bxf3 Qe7 19. Qd1 Qxe3+ 20. Kg2 f4 21. gxf4 g4 22. Bd5+ Nxd5 23. cxd5 Nf6 24. Ng3 Nxd5 25. dxc5 Nxf4+ 26. Kh1 Bd7 0-1

[Event "47th GRE-chT 2019"]
[Site "Patra"]
[Date "2019.07.06"]
[Round "7.16"]
[White "Batzoli, Maria"]
[Black "Louka, Magdalini"]
[Result "0-1"]
[ECO "D00"]
[WhiteElo "1390"]
[BlackElo "1766"]
[Annotator "NA"]
[PlyCount "154"]
[EventDate "2019.07.02"]
[EventCountry "GRE"]
[SourceTitle "playchess.com"]
[Source "ChessBase"]
[SourceQuality "1"]
[TimeControl "5400+30"]

1. d4 d5 2. Bf4 Nf6 3. e3 e6 4. Nf3 c5 5. c3 Bd6 6. Bg3 O-O 7. Nbd2 Nc6 8. Ne5 Qe7 9. f4 Nd7 10. Bd3 f6 11. Bxh7+ Kxh7 12. Qh5+ Kg8 13. Ng6 Qe8 14. Qh8+ Kf7 15. Nxf8 Qxf8 16. Qxf8+ Bxf8 17. Ke2 b6 18. Bf2 Ba6+ 19. Kf3 e5 20. g4 Bd6 21. g5 e4+ 22. Kg4 Be2+ 23. Kh3 Rh8+ 24. Kg2 cxd4 25. cxd4 Bb4 26. Rhc1 Na5 27. Rc7 Bxd2 28. Rxd7+ Kg6 29. b3 Nc6 30. a3 Nxd4 31. exd4 Bxf4 32. Bg3 Bxg5 33. Rxd5 Bf3+ 34. Kf2 Rc8 35. Ra2 Rc3 36. Rd7 Be3+ 37. Kf1 Rc1+ 38. Be1 Bg5 39. Re2 Bxe2+ 40. Kxe2 Rc2+ 41. Kd1 Rxh2 42. Rxa7 e3 43. Re7 Ra2 44. Bb4 f5 45. Re6+ Kh5 46. d5 f4 47. d6 f3 48. Re5 Rg2 49. d7 Rg1+ 50. Kc2 f2 51. d8=Q f1=Q 52. Qh8+ Kg6 53. Qe8+ Kh7 54. Qh5+ Bh6 55. Qf5+ Qxf5+ 56. Rxf5 Kg6 57. Rb5 Bf4 58. Rxb6+ Kf5 59. Kd3 g5 60. Bc5 Rd1+ 61. Ke2 Rd2+ 62. Kf1 Kg4 63. Rh6 Kf3 64. Rh3+ Bg3 65. Rxg3+ Kxg3 66. Bxe3 Rd5 67. Ke2 g4 68. b4 Kg2 69. a4 g3 70. b5 Re5 71. b6 Re7 72. a5 Kh1 73. Kd3 Rxe3+ 74. Kxe3 g2 75. b7 g1=Q+ 76. Kf4 Qd4+ 77. Kg3 Qg7+ 0-1

[Event "47th GRE-chT 2019"]
[Site "Patra"]
[Date "2019.07.06"]
[Round "7.17"]
[White "Tsivelekidou, Evgenia"]
[Black "Tsivelekidou, Anthoula Elpida"]
[Result "1-0"]
[ECO "E15"]
[WhiteElo "1956"]
[BlackElo "1298"]
[Annotator "NA"]
[PlyCount "77"]
[EventDate "2019.07.02"]
[EventCountry "GRE"]
[SourceTitle "playchess.com"]
[Source "ChessBase"]
[SourceQuality "1"]
[TimeControl "5400+30"]

1. d4 d5 2. c4 e6 3. Nf3 Nf6 4. g3 Bb4+ 5. Bd2 Be7 6. Bg2 O-O 7. O-O c6 8. Qc2 Nbd7 9. b3 b6 10. a4 Ba6 11. Rd1 Rc8 12. Bf4 Re8 13. Ne5 Nxe5 14. Bxe5 Bd6 15. Bxd6 Qxd6 16. Nd2 Qb4 17. e4 Nd7 18. a5 b5 19. Bf1 bxc4 20. bxc4 Qe7 21. Bd3 h6 22. c5 Bxd3 23. Qxd3 Nf8 24. e5 Rb8 25. Rdb1 Qc7 26. a6 Nd7 27. Qa3 Rec8 28. Nb3 Rb5 29. Na5 Rcb8 30. Nb7 Rxb1+ 31. Rxb1 Nf8 32. Rb3 Ng6 33. Qb2 Ne7 34. Nd6 Rxb3 35. Qxb3 Qa5 36. Qb8+ Kh7 37. Qxa7 Nc8 38. Qxf7 Qxa6 39. Ne8 1-0

[Event "47th GRE-chT 2019"]
[Site "Patra"]
[Date "2019.07.06"]
[Round "7.17"]
[White "Kouta, Antonia"]
[Black "Nikolaki, Dimitria"]
[Result "1-0"]
[ECO "B18"]
[WhiteElo "1762"]
[BlackElo "1323"]
[Annotator "NA"]
[PlyCount "93"]
[EventDate "2019.07.02"]
[EventCountry "GRE"]
[SourceTitle "playchess.com"]
[Source "ChessBase"]
[SourceQuality "1"]
[TimeControl "5400+30"]

1. e4 c6 2. d4 d5 3. Nc3 dxe4 4. Nxe4 Bf5 5. Ng3 Bg6 6. N1e2 h6 7. Nf4 Bh7 8. Bc4 Nf6 9. O-O Nbd7 10. Re1 Nb6 11. Bb3 Qd7 12. a4 Rd8 13. c3 Nbd5 14. Nxd5 Nxd5 15. Nh5 Bg6 16. Qe2 e6 17. Qe5 Bxh5 18. Qxh5 Nf6 19. Qf3 Be7 20. Qg3 Bf8 21. f4 Qc7 22. Qh3 Be7 23. f5 exf5 24. Qxf5 O-O 25. Bxh6 gxh6 26. Qg6+ Kh8 27. Qxh6+ Nh7 28. Re5 Rd6 29. Qh3 Qd7 30. Qe3 Bf6 31. Rh5 Bg7 32. Qg5 Rg6 33. Qh4 Qg4 34. Rxh7+ Kg8 35. Qxg4 Rxg4 36. Rh5 Rf4 37. Re1 Rf6 38. Re3 Rg6 39. Rf5 Rf6 40. Rg5 Kh8 41. Rh5+ Rh6 42. Rxh6+ Bxh6 43. Re7 Bg7 44. Rxb7 Rd8 45. Bxf7 Kh7 46. Rxa7 Rb8 47. b4 1-0

[Event "47th GRE-chT 2019"]
[Site "Patra"]
[Date "2019.07.06"]
[Round "7.18"]
[White "Tsaknakis, Zisis"]
[Black "Zisiadis, Dimitrios"]
[Result "1-0"]
[ECO "A49"]
[WhiteElo "2263"]
[BlackElo "2082"]
[Annotator "NA"]
[PlyCount "119"]
[EventDate "2019.07.02"]
[EventCountry "GRE"]
[SourceTitle "playchess.com"]
[Source "ChessBase"]
[SourceQuality "1"]
[TimeControl "5400+30"]

1. Nf3 g6 2. g3 Bg7 3. Bg2 Nf6 4. O-O O-O 5. d4 d6 6. Re1 c5 7. Nc3 Na6 8. e4 cxd4 9. Nxd4 Qb6 10. Re2 Bg4 11. Nf3 Nc5 12. h3 Be6 13. Rb1 a5 14. Be3 Rfc8 15. e5 dxe5 16. Na4 Qb5 17. Nxc5 Rxc5 18. Bxc5 Qxc5 19. Rxe5 Nd5 20. Re2 h6 21. Nh4 Nc7 22. b3 Bd5 23. c4 Bxg2 24. Kxg2 Qc6+ 25. Nf3 Bf6 26. Qd2 Kg7 27. Rd1 a4 28. b4 a3 29. Qd3 Ra4 30. Qb3 b5 31. cxb5 Qxb5 32. Ne5 Bxe5 33. Rxe5 Qxe5 34. Qxa4 Nb5 35. Qc2 Kh7 36. Qc4 Nd6 37. Qd5 Qb2 38. Re1 Qf6 39. Re3 Nf5 40. Rxa3 e6 41. Qe4 h5 42. g4 hxg4 43. hxg4 Nh4+ 44. Kg3 Qg5 45. f4 Qe7 46. g5 Nf5+ 47. Kg4 Nh6+ 48. Kh3 Nf5 49. Kh2 Qd8 50. Rd3 Qc8 51. Rh3+ Kg8 52. b5 Qd8 53. Qd3 Qb6 54. Qf3 Qa5 55. Qg2 Qa4 56. Qd2 Qa8 57. b6 Qb8 58. b7 e5 59. Ra3 Kg7 60. Qb2 1-0

[Event "47th GRE-chT 2019"]
[Site "Patra"]
[Date "2019.07.06"]
[Round "7.18"]
[White "Nikolakis, Panagiotis Marios"]
[Black "Ergazakis, Ioannis"]
[Result "0-1"]
[ECO "B92"]
[WhiteElo "1911"]
[BlackElo "2281"]
[Annotator "NA"]
[PlyCount "44"]
[EventDate "2019.07.02"]
[EventCountry "GRE"]
[SourceTitle "playchess.com"]
[Source "ChessBase"]
[SourceQuality "1"]
[TimeControl "5400+30"]

1. e4 c5 2. Nf3 d6 3. d4 cxd4 4. Nxd4 Nf6 5. Nc3 a6 6. Be2 e5 7. Nb3 Be7 8. Be3 Be6 9. Nd5 Bxd5 10. exd5 Nbd7 11. c4 Rc8 12. O-O O-O 13. Qd2 b6 14. Rac1 Ne4 15. Qc2 Nec5 16. Nxc5 bxc5 17. f4 Bf6 18. Kh1 Rb8 19. b3 exf4 20. Bxf4 Be5 21. Bd3 g6 22. Bh6 Qh4 0-1

[Event "47th GRE-chT 2019"]
[Site "Patra"]
[Date "2019.07.06"]
[Round "7.19"]
[White "Stefanou, Dimitrios"]
[Black "Gavriil, Odysseas-Panagiotis"]
[Result "0-1"]
[ECO "A54"]
[WhiteElo "1975"]
[BlackElo "2038"]
[Annotator "NA"]
[PlyCount "110"]
[EventDate "2019.07.02"]
[EventCountry "GRE"]
[SourceTitle "playchess.com"]
[Source "ChessBase"]
[SourceQuality "1"]
[TimeControl "5400+30"]

1. d4 Nf6 2. Nf3 d6 3. g3 Nbd7 4. Bg2 e5 5. O-O Be7 6. b3 c6 7. Bb2 Qc7 8. c4 O-O 9. Nc3 Re8 10. Qc2 Bf8 11. e3 b6 12. Rfd1 Bb7 13. Rac1 Rad8 14. b4 a6 15. Qb3 Qb8 16. a4 c5 17. b5 a5 18. dxe5 dxe5 19. Nd5 Bxd5 20. cxd5 Ne4 21. Nd2 Nd6 22. e4 g6 23. Nc4 Bh6 24. Rc2 Re7 25. Re2 Rf8 26. Bh3 f6 27. Rf1 Kh8 28. Be6 Rfe8 29. Kh1 Nxc4 30. Qxc4 Qd6 31. Bc3 Nf8 32. Bh3 Rf7 33. Qb3 Rc7 34. Qb2 g5 35. Bf5 Ng6 36. f3 c4 37. Ref2 Kg8 38. Rd1 Bf8 39. Qc1 Rd8 40. Kg2 Kg7 41. Bxg6 hxg6 42. f4 gxf4 43. gxf4 Re8 44. fxe5 fxe5 45. Qg5 Qe7 46. Qxe7+ Rcxe7 47. Rdf1 Rd7 48. Rf6 Bd6 49. Kg3 Bb4 50. Bxb4 axb4 51. Rc6 Ra8 52. Rxc4 Rxa4 53. Rb1 Ra3+ 54. Kg4 Rf7 55. Rbc1 Kh6 0-1

[Event "47th GRE-chT 2019"]
[Site "Patra"]
[Date "2019.07.06"]
[Round "7.19"]
[White "Loukisas, Dimitrios"]
[Black "Stoimenidis, Dimitrios"]
[Result "0-1"]
[ECO "E46"]
[WhiteElo "1898"]
[BlackElo "1586"]
[Annotator "NA"]
[PlyCount "80"]
[EventDate "2019.07.02"]
[EventCountry "GRE"]
[SourceTitle "playchess.com"]
[Source "ChessBase"]
[SourceQuality "1"]
[TimeControl "5400+30"]

1. d4 Nf6 2. c4 e6 3. Nc3 Bb4 4. e3 O-O 5. Nge2 d5 6. a3 Be7 7. Nf4 c6 8. Be2 a5 9. b3 Na6 10. g4 Nd7 11. cxd5 exd5 12. Bd3 Bd6 13. Qf3 Re8 14. h4 c5 15. Ncxd5 cxd4 16. g5 Ne5 17. Qh5 Nxd3+ 18. Nxd3 Be5 19. e4 Bb8 20. Nf6+ gxf6 21. gxf6 Rxe4+ 22. Kf1 Qxf6 23. Bg5 Qg6 24. Qd1 Rg4 25. f3 Rg3 26. Nf2 Be5 27. Qe2 f6 28. Rc1 Bf5 29. Qb5 Re8 30. h5 Qf7 31. Bxf6 Bd7 32. Qxe5 Rxe5 33. Bxe5 Qxf3 34. Bxg3 Bb5+ 35. Rc4 Kf7 36. Rh3 Bxc4+ 37. bxc4 Qc6 38. Nd3 Qxc4 39. Bf2 Nc5 40. Rf3+ Ke6 0-1

[Event "47th GRE-chT 2019"]
[Site "Patra"]
[Date "2019.07.06"]
[Round "7.20"]
[White "Karamichos, Michail"]
[Black "Dristellas, Neoklis"]
[Result "1/2-1/2"]
[ECO "C54"]
[WhiteElo "1559"]
[BlackElo "1577"]
[Annotator "NA"]
[PlyCount "152"]
[EventDate "2019.07.02"]
[EventCountry "GRE"]
[SourceTitle "playchess.com"]
[Source "ChessBase"]
[SourceQuality "1"]
[TimeControl "5400+30"]

1. e4 e5 2. Nf3 Nc6 3. Bc4 Bc5 4. c3 Nf6 5. d3 a6 6. Bb3 Ba7 7. O-O d6 8. Nbd2 O-O 9. h3 h6 10. Re1 Re8 11. Nf1 Be6 12. Bc2 d5 13. Qe2 Qd7 14. Ng3 Rad8 15. Kh2 b5 16. Nh4 Ne7 17. Qf3 Ng4+ 18. Kh1 Nxf2+ 19. Kh2 Bxh3 20. d4 Ng4+ 21. Kh1 exd4 22. gxh3 Ne3 23. Nh5 Ng6 24. Bxe3 dxe3 25. Nf5 Qc8 26. Nhxg7 Re5 27. Qh5 dxe4 28. Bb3 Rd6 29. Nxd6 Rxh5 30. Nxc8 Rxh3+ 31. Kg1 Bc5 32. Re2 Kxg7 33. Rf1 Rg3+ 34. Kh2 Rf3 35. Rg1 Rf2+ 36. Rxf2 exf2 37. Rf1 e3 38. Bd1 Nf4 39. b4 Bf8 40. Kg3 e2 41. Bxe2 Nxe2+ 42. Kxf2 Nxc3 43. a3 c5 44. Ra1 Kf6 45. Nb6 cxb4 46. Nd7+ Ke7 47. Nxf8 Kxf8 48. axb4 Nd5 49. Rxa6 Kg7 50. Ra1 Nxb4 51. Rb1 Nd3+ 52. Ke3 Ne5 53. Rxb5 f6 54. Ke4 Kg6 55. Rb1 Kg5 56. Rg1+ Ng4 57. Kf3 h5 58. Kg3 f5 59. Ra1 h4+ 60. Kh3 Nf2+ 61. Kg2 Ne4 62. Ra3 Nf6 63. Ra4 Nh5 64. Kh3 Nf4+ 65. Kh2 Kg4 66. Ra8 Ne6 67. Rg8+ Ng5 68. Kg2 Kf4 69. Ra8 h3+ 70. Kf2 Ne4+ 71. Kg1 Kf3 72. Ra3+ Ke2 73. Rxh3 f4 74. Rh8 f3 75. Rf8 f2+ 76. Rxf2+ Nxf2 1/2-1/2

[Event "47th GRE-chT 2019"]
[Site "Patra"]
[Date "2019.07.06"]
[Round "7.20"]
[White "Ximinis, Ioannis"]
[Black "Souchleris, Nikolaos"]
[Result "1-0"]
[ECO "A45"]
[WhiteElo "1156"]
[BlackElo "1204"]
[Annotator "NA"]
[PlyCount "103"]
[EventDate "2019.07.02"]
[EventCountry "GRE"]
[SourceTitle "playchess.com"]
[Source "ChessBase"]
[SourceQuality "1"]
[TimeControl "5400+30"]

1. d4 Nf6 2. Bf4 e6 3. Nf3 b6 4. e3 Bb7 5. Bd3 Be7 6. h3 O-O 7. O-O d6 8. Nbd2 Nbd7 9. Bh2 Re8 10. c3 Nf8 11. Bb5 c6 12. Bd3 Ng6 13. Rc1 Bf8 14. Bb1 c5 15. Qe2 d5 16. Rfd1 Rc8 17. Ne5 Bd6 18. f4 Nd7 19. Rf1 Ndxe5 20. fxe5 Be7 21. Qf2 Rf8 22. Qe2 Bh4 23. g3 Bg5 24. Qd3 c4 25. Qe2 Bh6 26. Nf3 f6 27. Bxg6 hxg6 28. Rf2 fxe5 29. Nxe5 Rxf2 30. Qxf2 Qf6 31. Qe2 Qg5 32. Re1 Qf5 33. Qg2 Rf8 34. g4 Qg5 35. Bf4 Qh4 36. Nf3 Qf6 37. g5 Bxg5 38. Nxg5 Qf5 39. Qg4 Qxg4+ 40. hxg4 Bc8 41. Be5 a5 42. Kg2 b5 43. Rh1 Rd8 44. a3 Bd7 45. Rh7 Kf8 46. Bxg7+ Ke8 47. Rh8+ Ke7 48. Bf6+ Kd6 49. Nf7+ Kc7 50. Be5+ Kb7 51. Nxd8+ Ka7 52. Rh7 1-0

[Event "47th GRE-chT 2019"]
[Site "Patra"]
[Date "2019.07.06"]
[Round "7.22"]
[White "Postny, Evgeny"]
[Black "Theodorou, Nikolas"]
[Result "1/2-1/2"]
[ECO "E92"]
[WhiteElo "2601"]
[BlackElo "2543"]
[Annotator "RC"]
[PlyCount "98"]
[EventDate "2019.07.02"]
[EventCountry "GRE"]
[SourceTitle "playchess.com"]
[Source "ChessBase"]
[SourceQuality "1"]
[TimeControl "5400+30"]

1. d4 Nf6 2. c4 g6 3. Nc3 Bg7 4. e4 d6 5. Nf3 O-O 6. Be2 e5 7. d5 a5 8. h3 Na6 9. Bg5 Qe8 10. Nd2 Nd7 11. a3 f6 12. Be3 f5 13. f3 Nb6 14. b3 Bd7 15. O-O Qe7 16. Rb1 Bf6 17. b4 axb4 18. axb4 Bg5 19. Bf2 Bh4 20. Qe1 Bxf2+ 21. Qxf2 Qg5 22. Bd3 Na4 23. Nxa4 Bxa4 24. exf5 gxf5 25. f4 Qxf4 26. Qxf4 exf4 27. Rxf4 Bd7 28. Nf3 Rae8 29. Nd4 Re5 30. Rbf1 Nxb4 31. Bxf5 Bxf5 32. Nxf5 Kh8 33. Nd4 Rxf4 34. Rxf4 h5 35. Nf3 Re7 36. Rh4 Kg7 37. Rxh5 Re4 38. Rh4 Rxh4 39. Nxh4 b5 40. cxb5 Nxd5 41. g4 Kf6 42. Nf5 Nc3 43. Nxd6 Ke5 44. Nf7+ Kf4 45. g5 Kf5 46. h4 Nxb5 47. h5 Nd6 48. g6 Ne8 49. Ne5 Kg5 1/2-1/2

[Event "47th GRE-chT 2019"]
[Site "Patra"]
[Date "2019.07.06"]
[Round "7.23"]
[White "Naoum, Spyridon"]
[Black "Grivas, Efstratios"]
[Result "1/2-1/2"]
[ECO "A81"]
[WhiteElo "2299"]
[BlackElo "2418"]
[Annotator "NA"]
[PlyCount "138"]
[EventDate "2019.07.02"]
[EventCountry "GRE"]
[SourceTitle "playchess.com"]
[Source "ChessBase"]
[SourceQuality "1"]
[TimeControl "5400+30"]

1. d4 f5 2. g3 Nf6 3. Bg2 g6 4. c3 Bg7 5. Nh3 c6 6. O-O O-O 7. Nd2 Na6 8. a4 Nc7 9. a5 Kh8 10. Re1 d5 11. Nf4 Nd7 12. c4 e6 13. e3 dxc4 14. Nxc4 e5 15. dxe5 Nxe5 16. Nd6 Rf6 17. Nxc8 Rxc8 18. Qe2 Rd6 19. e4 fxe4 20. Bxe4 Nb5 21. Be3 Qf6 22. Red1 Nf7 23. a6 b6 24. Rac1 Qxb2 25. Rxd6 Nfxd6 26. Qxb2 Bxb2 27. Rxc6 Rxc6 28. Bxc6 Bd4 29. Nd5 Bxe3 30. fxe3 Kg7 31. Bd7 Kf7 32. Kg2 Na3 33. Nxb6 Ke7 34. Bg4 Nac4 35. Nxc4 Nxc4 36. Kf2 Kd6 37. Be2 Ne5 38. h4 h6 39. Ke1 Kd5 40. Bf1 g5 41. hxg5 hxg5 42. Bg2+ Kc4 43. Kd2 Kb4 44. Bf1 Kc5 45. Bg2 Kc4 46. Bb7 Kb4 47. Bc8 Kc4 48. Bf5 Kb4 49. Be6 Kb5 50. Kc3 Kc5 51. Bc8 Kd5 52. Bb7+ Kc5 53. Bg2 Ng4 54. Kd3 Nf6 55. Bb7 g4 56. Be4 Nh5 57. Bf5 Nxg3 58. Bxg4 Nf1 59. e4 Ng3 60. e5 Kd5 61. e6 Kd6 62. Kd4 Nh5 63. Bxh5 Kxe6 64. Kc5 Kd7 65. Bg4+ Kc7 66. Bh3 Kb8 67. Kc6 Ka8 68. Bg4 Kb8 69. Bf3 Kc8 1/2-1/2